 Dungeon Crawl Stone Soup version 0.27.1 (webtiles) character file.

Game seed: 958430258141274219

497 Atelerd the Sneak (level 7, -5/41 HPs)
             Began as an Octopode Earth Elementalist on Sept 1, 2021.
             Killed by miscasting Petrify (11 damage)
             ... on level 5 of the Dungeon.
             The game lasted 00:04:06 (4792 turns).

Atelerd the Sneak (Octopode Earth Elementalist)     Turns: 4792, Time: 00:04:06

Health: -5/41      AC:  1    Str:  8    XL:     7   Next: 16%
Magic:  9/13       EV: 13    Int: 19    God:
Gold:   181        SH:  0    Dex: 12    Spells: 9/14 levels left

rFire    . . .     SeeInvis .   f - +2 dagger (venom)
rCold    . . .     Faith    .   (no shield)
rNeg     . . .     Spirit   .   (helmet restricted)
rPois    .         Reflect  .   (no amulet)
rElec    .         Harm     .   (no ring)
rCorr    .         Rampage  .   (no ring)
Will     .....                  (no ring)
Stlth    ++++......             (no ring)
HPRegen  0.13/turn              (no ring)
MPRegen  0.13/turn              (no ring)
                                (no ring)
                                (no ring)

@: very slightly contaminated
A: almost no armour, amphibious, 8 rings, camouflage 1, gelatinous body 1,
(nimble swimmer 1), tentacles
a: no special abilities


You were on level 5 of the Dungeon.
You visited 1 branch of the dungeon, and saw 5 of its levels.

You collected 181 gold pieces.

Inventory:

Hand Weapons
 d - a +0 short sword
 f - a +2 dagger of venom (weapon)
Missiles
 b - 70 stones
Jewellery
 h - a ring of willpower
Scrolls
 a - a scroll of noise
 j - a scroll of vulnerability {unknown}
 k - a scroll of magic mapping {unknown}
 m - 2 scrolls of identify {unknown}
 n - a scroll of teleportation {unknown}
 p - a scroll of acquirement {unknown}
 q - a scroll of amnesia {unknown}
 r - a scroll of enchant weapon {unknown}
Potions
 c - 2 potions of curing
 e - a potion of invisibility {unknown}
 g - a potion of might {unknown}
 i - 2 potions of degeneration {unknown}
 l - 2 potions of resistance {unknown}
 o - a potion of magic {unknown}


   Skills:
 - Level 3.0 Dodging
 - Level 5.0 Stealth
 + Level 4.0 Spellcasting
 - Level 3.0 Transmutations
 + Level 4.9 Earth Magic


You had 9 spell levels left.
You knew the following spells:

 Your Spells              Type           Power      Damage    Failure   Level
a - Sandblast             Erth           44%        2d11      1%          1
p - Petrify               Tmut/Erth      18%        N/A       26%         4

Your spell library contained the following spells:

 Spells                   Type           Power      Damage    Failure   Level
 Passwall                 Tmut/Erth      15%        N/A       4%          2
 Stone Arrow              Conj/Erth      26%        3d8       16%         3
 Conjure Ball Lightning   Conj/Air       1%         3x3d6     100%        6
 Discord                  Hex            1%         N/A       100%        8
 Disjunction              Tloc           1%         N/A       100%        8


Dungeon Overview and Level Annotations

Branches:
Dungeon (5/15)
 Temple: D:4-7

Altars:

Shops:
D:1 =

Annotations:
D:2 exclusion: downstairs
D:5 Pikel


Innate Abilities, Weirdness & Mutations

You cannot wear most types of armour.
You are amphibious.
You can wear up to eight rings at the same time.
Your skin changes colour to match your surroundings (Stealth+).
Your rubbery body absorbs attacks. (AC +1, EV +1)
((You are camouflaged near water. (Stealth+)))
You have tentacles for arms and can constrict up to eight enemies at once.


Message History

You see here 11 poisoned darts.
Found 15 arrows.
There is an open door here.
Done exploring.
Done exploring.
Done exploring.
Done exploring.
Done exploring.
Done exploring.
(D) Dungeon
Where to? (Enter - D:4, ? - help)
What level of the Dungeon? (default 1, ? - help)
There is an open door here.
There is a stone staircase leading down here.
You climb downwards.
There is a stone staircase leading up here.
There are monsters nearby!
There are monsters nearby!
There are monsters nearby!
Pikel shouts!
The lemure shouts! x3
The lemure misses you.
Pikel hits you with a +1 whip of freezing.
Pikel freezes you.
Pikel hits you with a +1 whip of freezing.
Pikel freezes you. The lemure hits you.
Pikel hits you with a +1 whip of freezing!
* * * LOW HITPOINT WARNING * * *
Pikel freezes you.
* * * LOW HITPOINT WARNING * * *
Found 9 gold pieces.
Casting: Sandblast (safe; 1% risk of failure)
Confirm with . or Enter, or press ? or * to list all spells.
The spell is quite dangerous to cast (26% risk of failure)!
Continue anyway?
Aiming: Petrify (quite dangerous; 26% risk of failure)
Press: ? - help, Shift-Dir - straight line, f - Pikel
Aim: Pikel, wielding a +1 whip of freezing and wearing a +0 robe (chance to affect: 49%)
You miscast Petrify.
You are very lightly contaminated with residual magic.
Sand pours from your tentacles.
You die...

####... #.....#
#.....# ##
#.....# ..
#.....# $#
#.....# .#
#....5####.#####.
#.<.55K..@.......
#....5####.#####.
####### ... .###
.# .# .. ..


You could see Pikel and 4 lemures.

Vanquished Creatures
  Menkaure (D:4)
  A water moccasin (D:4)
  A water moccasin skeleton (D:3)
  A jelly (D:4)
  An iguana (D:4)
  A howler monkey skeleton (D:4)
  3 gnolls (D:3)
  4 adders
  2 worms (D:2)
  6 dart slugs
  2 orcs (D:4)
  8 ball pythons
  4 bats
  3 endoplasms
  A giant cockroach (D:3)
  6 goblins
  8 hobgoblins
  3 jackals (D:3)
  3 quokkas (D:4)
  2 frilled lizards
  8 kobolds
  9 rats
78 creatures vanquished.

Notes
Turn   | Place    | Note
-------+----------+-------------------------------------------
     0 | D:1      | Atelerd the Octopode Earth Elementalist began the quest for
                  | the Orb.
     0 | D:1      | Reached XP level 1. HP: 11/11 MP: 3/3
   286 | D:1      | Found Setrefaona's Jewellery Boutique.
   406 | D:1      | Reached XP level 2. HP: 12/17 MP: 5/5
   537 | D:1      | Reached skill level 3 in Stealth
  1257 | D:2      | Found a faded altar of an unknown god.
  1273 | D:2      | Reached XP level 3. HP: 21/21 MP: 6/6
  1978 | D:2      | Reached XP level 4. HP: 17/27 MP: 5/7
  2514 | D:3      | Reached skill level 4 in Stealth
  2514 | D:3      | Reached XP level 5. HP: 15/31 MP: 5/9
  2742 | D:2      | Learned a level 4 spell: Petrify
  3806 | D:4      | Noticed Menkaure
  3813 | D:4      | Killed Menkaure
  3814 | D:4      | Reached XP level 6. HP: 26/36 MP: 6/10
  3941 | D:4      | Reached skill level 5 in Stealth
  4145 | D:4      | Noticed a water moccasin
  4154 | D:4      | Killed a water moccasin
  4155 | D:4      | Reached XP level 7. HP: 23/41 MP: 9/12
  4784 | D:5      | Entered Level 5 of the Dungeon
  4784 | D:5      | Noticed Pikel
  4792 | D:5      | Killed by miscasting Petrify

Illustrated notes

Levels and vault maps discovered:
D:1:      minmay_arrival_split_and_join, layout_loops_ring, serial_shops, shop,
          chequers_serial_rivers_micro_b
D:2:      minmay_inner_zag, layout_basic, hellmonk_ecumenical_altar_blasted
D:3:      layout_loops_cross, minmay_misc_feat_nine_boxes
D:4:      layout_rooms, kennysheep_another_room, grunt_ministairs_11,
          uniq_menkaure
D:5:      layout_basic, minivault_5, uniq_pikel

Skill      XL: |  1  2  3  4  5  6  7 |
---------------+----------------------+-----
Stealth        | 3 4 5 |  5.0
Transmutations | 2 3 |  3.0
Dodging        | 3 |  3.0
Spellcasting   | 3 4 |  4.0
Earth Magic    | 4 |  4.9

Action                   |  1- 3 |  4- 6 |  7- 9 || total
-------------------------+-------+-------+-------++-------
Melee: Unarmed           |    30 |       |       ||    30
       Constrict         |    23 |    15 |     2 ||    40
       Tentacles         |    11 |    10 |       ||    21
       Dagger            |    52 |    59 |     9 ||   120
       Short sword       |     4 |       |       ||     4
 Cast: Sandblast         |     5 |    28 |     2 ||    35
       Petrify           |       |     1 |       ||     1
  Use: Scroll            |       |     1 |       ||     1
       Potion            |       |     1 |       ||     1
 Stab: Sleeping          |     6 |     9 |     1 ||    16
Armor: Skin              |     7 |     5 |     2 ||    14
Dodge: Dodged            |    51 |    55 |     8 ||   114
